 Dungeon Crawl Stone Soup version 0.13.1-28-g3517093 (console) character file.

1319 Magician the Cleaver (level 8, -12/70 HPs)
             Began as a Minotaur Berserker on Mar 8, 2014.
             Was a Priest of Trog.
             Killed from afar by a manticore (14 damage)
             ... with a volley of spikes
             ... on Level 8 of the Dungeon.
             The game lasted 00:09:13 (1632 turns).

Magician the Cleaver (Minotaur Berserker)           Turns: 1632, Time: 00:09:14

HP -12/70        AC  6     Str 24      XL: 8   Next:  8%
MP   2/2         EV 10     Int  4      God: Trog [***...]
Gold 241         SH  0     Dex 10      Spells:  0 memorised,  7 levels left

Res.Fire  : . . .   See Invis. : .   a - +0 hand axe {=f}
Res.Cold  : . . .   Warding    : .   i - +0 ring mail
Life Prot.: . . .   Conserve   : .   (no shield)
Res.Poison: .       Res.Corr.  : .   (helmet restricted)
Res.Elec. : .       Clarity    : .   (no cloak)
Sust.Abil.: . .     Spirit.Shd : .   m - +0 pair of gauntlets (curse)
Res.Mut.  : .       Stasis     : .   (no boots)
Res.Rott. : .       Flight     : .   (no amulet)
Saprovore : . . .                    (no ring)
                                     (no ring)

@: exhausted, slowed, very slow, slightly resistant to hostile enchantments,
extremely unstealthy
A: retaliatory headbutt, horns 2
a: Burn Spellbooks, Berserk, Trog's Hand, Renounce Religion


You were on level 8 of the Dungeon.
You worshipped Trog.
Trog was most pleased with you.
You were starving.

You visited 1 branch of the dungeon, and saw 8 of its levels.

You collected 221 gold pieces.

Inventory:

Hand weapons
 a - a +0,+0 hand axe (weapon) {=f}
Missiles
 x - a throwing net (quivered)
Armour
 b - a +0 animal skin
 i - a +0 ring mail (worn)
 m - a cursed +0 pair of gauntlets (worn)
 C - a +0 orcish chain mail
 G - a +2 pair of boots
 H - a +0 chain mail
Magical devices
 z - a wand of cold (6) {unknown}
 B - a wand of confusion (10) {unknown}
Comestibles
 c - a bread ration
Scrolls
 d - 4 scrolls of remove curse {unknown}
 e - a scroll of curse weapon {unknown}
 f - 2 scrolls of recharging {unknown}
 g - 2 scrolls of random uselessness {unknown}
 h - 3 scrolls of fog {unknown}
 k - 2 scrolls of curse armour {unknown}
 o - a scroll of enchant weapon I {unknown}
 q - 2 scrolls of blinking {unknown}
 r - 2 scrolls of noise {unknown}
 t - a scroll of immolation {unknown}
 u - 2 scrolls of identify {unknown}
 E - 2 scrolls of magic mapping {unknown}
 F - a scroll of amnesia {unknown}
 J - a scroll of teleportation {unknown}
Jewellery
 l - an uncursed amulet of resist mutation {unknown}
 y - an uncursed ring of see invisible {unknown}
 I - an uncursed ring of wizardry {unknown}
Potions
 j - a potion of restore abilities
 n - a potion of poison {unknown}
 p - a potion of curing
 w - a potion of resistance {unknown}
 A - a potion of slowing {unknown}
 K - a potion of brilliance {unknown}
Books
 v - a book of Dreams

   Spells                             Type                      Level
   Ensorcelled Hibernation            Hexes/Ice                    2
   Flight                             Charms/Air                   3
   Phase Shift                        Translocation                5
   Shadow Creatures                   Summoning                    5
   Mass Confusion                     Hexes                        6
   Darkness                           Hexes                        7
   Trog disapproves of the use of such an item.


   Skills:
 + Level 7.5 Fighting
 * Level 9.9 Axes
 - Level 2.4 Armour
 - Level 2.1 Dodging


You had 7 spell levels left.
You didn't know any spells.

Dungeon Overview and Level Annotations

Branches:
Dungeon (8/27)             Temple (0/1) D:5
    Orc: D:6-11        Lair: D:8-13

Altars:
Sif Muna
Zin

Shops:
D:4 (   D:5 =


Innate Abilities, Weirdness & Mutations

You reflexively headbutt those who attack you in melee.
You have a pair of horns on your head.


Message History

* * * LOW HITPOINT WARNING * * *
You are feeling very hungry.
You continue eating.
The manticore flicks its tail!
The volley of spikes misses you. The hungry ghost hits you.
* * * LOW HITPOINT WARNING * * *
You are near starving!
You finish eating.
That bread ration really hit the spot!
Drink which item? (? for menu, Esc to quit)
You feel better. The hungry ghost hits you.
* * * LOW HITPOINT WARNING * * *
You are starving!
The manticore flicks its tail!
The volley of spikes hits you!
* * * LOW HITPOINT WARNING * * *
The hungry ghost hits you but does no damage.
Drink which item? (? for menu, Esc to quit)
You feel refreshed.
It was a potion of restore abilities.
The hungry ghost hits you but does no damage.
The manticore flicks its tail!
The volley of spikes hits you!
You die...

#................ ....
#....####......... ....
#....# #......... #.. #....#
#.(...... #.. ##.#.#
#.......# #.# #.#.#
#.......# #.#
#.#.####.......##########.##
#...........H...............
###........@p<.##########.##
#......#.##.###########.##
#.(....#..................
#..........H.##########.##
#.f..........# #.#
#..###.......# ###.##
#.f.f.........# #.....
#...###.......# #..... #...#
#.H.....# #.....


You could see a manticore and a hungry ghost.

Vanquished Creatures
  A hungry ghost (D:7)
  Menkaure (D:5)
  2 ice beasts (D:6)
  A phantom (D:4)
  2 centaurs
  A giant frog (D:6)
  An iguana (D:5)
  A gnoll shaman (D:5)
  2 worker ants
  3 scorpions
  A hound skeleton (D:8)
  3 gnolls (D:5)
  4 adders
  A giant mite (D:2)
  A goliath beetle zombie (D:6)
  4 worms
  2 iguana skeletons
  A giant eyeball (D:5)
  An ooze (D:4)
  4 orcs (D:4)
  4 bats
  A bat skeleton (D:3)
  A giant cockroach (D:5)
  4 goblins
  10 hobgoblins
  2 ball pythons
  4 giant geckos
  4 giant newts
  A kobold (D:4)
  2 quokkas
  2 rats
72 creatures vanquished.

Vanquished Creatures (others)
  A giant spore (D:8)
1 creature vanquished.

Grand Total: 73 creatures vanquished

Notes
Turn   | Place    | Note
--------------------------------------------------------------
     0 | D:1      | Magician, the Minotaur Berserker, began the quest for the Orb.
     0 | D:1      | Reached XP level 1. HP: 19/19 MP: 0/0
     3 | D:1      | Noticed a demigod
     5 | D:1      | Noticed a merfolk
     5 | D:1      | Noticed a tengu
     7 | D:1      | Noticed a centaur
     7 | D:1      | Noticed a troll
    11 | D:1      | Noticed a draconian
    11 | D:1      | Noticed a felid
    13 | D:1      | Noticed a ghoul
    13 | D:1      | Noticed an ogre
    15 | D:1      | Noticed a human
    15 | D:1      | Noticed a demonspawn
    17 | D:1      | Noticed a spriggan
    19 | D:1      | Noticed a naga
    19 | D:1      | Noticed an elf
    21 | D:1      | Noticed an octopode
    21 | D:1      | Noticed a minotaur
    23 | D:1      | Noticed a dwarf
    23 | D:1      | Noticed a vampire
   105 | D:2      | Reached skill level 4 in Axes
   121 | D:2      | Reached XP level 2. HP: 26/26 MP: 0/0
   168 | D:2      | Acquired Trog's second power
   187 | D:1      | Reached XP level 3. HP: 30/33 MP: 1/1
   395 | D:2      | Reached skill level 5 in Axes
   461 | D:2      | Reached XP level 4. HP: 21/40 MP: 1/1
   509 | D:3      | You fall through a shaft!
   509 | D:4      | Found Enaaph's Weapon Shoppe.
   518 | D:5      | Entered Level 5 of the Dungeon
   518 | D:5      | Found Thriamuy's Jewellery Emporium.
   540 | D:5      | Noticed Menkaure
   553 | D:5      | HP: 1/60 [Menkaure (4)]
   554 | D:5      | Killed Menkaure
   554 | D:5      | Reached skill level 5 in Fighting
   554 | D:5      | Reached skill level 6 in Axes
   554 | D:5      | Reached XP level 5. HP: 1/47 MP: 1/1
   578 | D:5      | Found a glowing silver altar of Zin.
   607 | D:5      | Paralysed by a giant eyeball for 4 turns
   623 | D:5      | Reached skill level 7 in Axes
   710 | D:5      | Reached XP level 6. HP: 9/55 MP: 2/2
   915 | D:5      | Found a staircase to the Ecumenical Temple.
   990 | D:4      | Noticed a phantom
  1011 | D:4      | Killed a phantom
  1011 | D:4      | Reached skill level 8 in Axes
  1066 | D:4      | Reached XP level 7. HP: 61/61 MP: 2/2
  1253 | D:6      | Found a deep blue altar of Sif Muna.
  1278 | D:6      | Reached skill level 9 in Axes
  1609 | D:7      | Reached XP level 8. HP: 32/70 MP: 2/2
  1629 | D:8      | HP: 2/70 [hungry ghost (2)]
  1632 | D:8      | Killed from afar by a manticore

Action                   |  1- 3 |  4- 6 |  7- 9 || total
-------------------------+-------+-------+-------++-------
Melee: Hand axe          |    63 |    96 |    76 ||   235
Invok: Berserk           |     1 |     3 |     3 ||     7
       Trog's Hand       |       |     2 |     4 ||     6
  Use: Potion            |       |       |     3 ||     3
